 Dungeon Crawl Stone Soup version 0.21.1-1-g345015f (webtiles) character file.

30 inc the Vexing (level 3, 13/14 HPs)
             Began as a Felid Enchanter on Feb 25, 2018.
             Quit the game on level 2 of the Dungeon.
             The game lasted 00:02:26 (1859 turns).

inc the Vexing (Felid Enchanter)                    Turns: 1859, Time: 00:02:27

Health: 13/14      AC:  1    Str:  4    XL:     3   Next: 3%
Magic:  1/7        EV: 18    Int: 17    God:
Gold:   48         SH:  0    Dex: 16    Spells: 2/6 levels left
                                        Lives:  0   Deaths: 0

rFire    . . .     SeeInvis +     - Unarmed
rCold    . . .     Gourm    .   (shield unavailable)
rNeg     . . .     Faith    .   (armour unavailable)
rPois    .         Spirit   .   (helmet unavailable)
rElec    .         Reflect  .   (cloak unavailable)
rCorr    .         Harm     .   (gloves unavailable)
MR       .....                  (boots unavailable)
Stlth    +++.......             (no amulet)
HPRegen  0.04/turn              (no ring)
MPRegen  0.10/turn              (no ring)

@: quick
A: very small, no armour, no weapons or thrown items, stealth, claws 1, fangs 3,
see invisible, carnivore, speed 1, shaggy fur 1, slow metabolism 1, sharp paws
a: no special abilities


You were on level 2 of the Dungeon.
You were very hungry.

You visited 1 branch of the dungeon, and saw 2 of its levels.

You collected 48 gold pieces.

Inventory:

Scrolls
 c - 3 scrolls of identify {unknown}
 d - 2 scrolls of amnesia {unknown}
 e - a scroll of noise {unknown}
Books
 a - a book of Maledictions

   Spells                             Type                      Level
   a - Corona                         Hexes                        1
   b - Ensorcelled Hibernation        Hexes/Ice                    2
   c - Confuse                        Hexes                        3
   d - Tukima's Dance                 Hexes                        3
   e - Dazzling Spray                 Conjuration/Hexes            3
Comestibles
 b - 4 rations


   Skills:
 + Level 3.1 Dodging
 + Level 4.4 Stealth
 + Level 1.5 Unarmed Combat
 + Level 2.2 Spellcasting
 + Level 4.8 Hexes


You had 2 spell levels left.
You knew the following spells:

 Your Spells              Type           Power        Failure   Level  Hunger
a - Corona                Hex            ###....      2%          1    #......
b - Confuse               Hex            ###.....     8%          3    ###....


Dungeon Overview and Level Annotations

Branches:
Dungeon (2/15)

Altars:
Cheibriados


Innate Abilities, Weirdness & Mutations

You cannot wear armour.
You are incapable of wielding weapons or throwing items.
Your paws allow you to move quietly. (Stealth)
You have sharp claws.
You have razor-sharp teeth.
You have supernaturally acute eyesight. (SInv)
You are carnivorous and can eat meat at any time.
You cover ground quickly.
You are covered in fur. (AC +1)
You have a slow metabolism.
Your sharp claws are effective at attacking unaware monsters.


Message History

Aiming: Confuse
Press: ? - help, Shift-Dir - straight line, f - giant cockroach
Aim: a giant cockroach (clinging, chance to defeat MR: 66%)
The giant cockroach struggles to resist.
The giant cockroach closely misses you.
Casting: Confuse
Confirm with . or Enter, or press ? or * to list all spells.
Aiming: Confuse
Press: ? - help, Shift-Dir - straight line, f/p - giant cockroach
Aim: a giant cockroach (clinging, chance to defeat MR: 66%)
The giant cockroach appears confused.
You are feeling very hungry.
You catch the helpless giant cockroach completely off-guard!
You scratch the giant cockroach.
You kill the giant cockroach!
You see here a giant cockroach corpse.
Casting: Confuse
Confirm with . or Enter, or press ? or * to list all spells.
Okay, then.
Are you sure you want to abandon this character and quit the game? (Confirm with "yes".)

#. #. #.##### # ##.#...
. #..... .# ##...##.#
#...<...#
#######.#..#s...#
###.###..@........K.#.#
.........>..#.#.....# #
###.###.###.#.#.....#
#.# .#.#.....# #.#
#.#.....# #.# #.#..#..#
#.# #K#..#.## #.#
#...##.# #.# #......#


There were no monsters in sight!

Vanquished Creatures
  An ooze (D:1)
  A dart slug (D:1)
  A leopard gecko (D:1)
  A giant cockroach (D:2)
  3 goblins
  3 hobgoblins (D:1)
  4 kobolds
  2 ball pythons (D:1)
  A bat (D:1)
  2 frilled lizards (D:1)
  3 rats (D:1)
22 creatures vanquished.

Notes
Turn   | Place    | Note
-------+----------+-------------------------------------------
     0 | D:1      | inc the Felid Enchanter began the quest for the Orb.
     0 | D:1      | Reached XP level 1. HP: 7/7 MP: 4/4
   557 | D:1      | Reached XP level 2. HP: 11/11 MP: 6/6
   777 | D:1      | Found a snail-covered altar of Cheibriados.
  1825 | D:2      | Reached XP level 3. HP: 14/14 MP: 7/7
  1831 | D:2      | Learned a level 3 spell: Confuse
  1859 | D:2      | Quit the game

Skill      XL: |  1 |
---------------+----+-----
Dodging        | 3 |  3.1
Stealth        | |  4.4
Unarmed Combat | |  1.5
Spellcasting   | |  2.2
Hexes          | |  4.8

Action                   || total
-------------------------++-------
Melee: Unarmed           ||    80
       Bite              ||     8
 Cast: Corona            ||     7
       Confuse           ||     2
 Stab: Sleeping          ||     7
       Confused          ||     1
Armor: Skin              ||     6
Dodge: Dodged            ||    61
